 Dungeon Crawl Stone Soup version 0.26.1-10-gdfb7c7de75 (webtiles) character file.

Game seed: 12847965198619166326

269 Almogavar the Shield-Bearer (level 6, -2/38 HPs)
             Began as a Gargoyle Fighter on Apr 9, 2021.
             Slain by a mummy (10 damage)
             ... in an ossuary.
             The game lasted 00:07:10 (3702 turns).

Almogavar the Shield-Bearer (Gargoyle Fighter)      Turns: 3702, Time: 00:07:11

Health: -2/38      AC: 13    Str: 21    XL:     6   Next: 22%
Magic:  6/6        EV:  8    Int:  9    God:
Gold:   166        SH:  9    Dex:  9    Spells: 5/5 levels left

rFire    . . .     SeeInvis .   q - +0 mace
rCold    . . .     Faith    .   c - +0 kite shield
rNeg     + . .     Spirit   .   b - +0 scale mail
rPois    ∞         Reflect  .   (no helmet)
rElec    +         Harm     .   k - +0 cloak
rCorr    .         Rampage  .   h - +0 pair of gloves
Will     .....                  (no boots)
Stlth    ..........             (no amulet)
HPRegen  0.12/turn              (no ring)
MPRegen  0.10/turn              (no ring)

@: no status effects
A: negative energy resistance 1, electricity resistance, unbreathing,
petrification resistance, miasma immunity, AC +4
a: no special abilities


You were in an ossuary.
You visited 1 branch of the dungeon, and saw 4 of its levels.
You also visited: Ossuary.

You collected 166 gold pieces.

Inventory:

Hand Weapons
 q - a +0 mace (weapon)
Missiles
 e - 24 arrows
 i - 37 bolts
Armour
 b - a +0 scale mail (worn)
 c - a +0 kite shield (worn)
 h - a +0 pair of gloves (worn)
 k - a +0 cloak (worn)
Wands
 o - a wand of acid (6)
Scrolls
 f - 4 scrolls of teleportation
 j - 2 scrolls of fear
 m - a scroll of remove curse
 r - a scroll of identify
Potions
 a - a potion of cancellation {unknown}
 d - 2 potions of might
 g - a potion of berserk rage
 l - a potion of brilliance {unknown}
 n - a potion of flight {unknown}
 p - a potion of degeneration {unknown}
 t - 2 potions of lignification {unknown}
 u - 2 potions of attraction {unknown}


   Skills:
 + Level 4.0 Fighting
 + Level 4.0 Maces & Flails
 + Level 4.1 Armour
 + Level 1.3 Dodging
 + Level 0.1 Stealth
 + Level 4.8 Shields


You had 5 spell levels left.
You didn't know any spells.
Your spell library was empty.

Dungeon Overview and Level Annotations

Branches:
Dungeon (4/15)             Temple (0/1) D:4         Ossuary (1/1)

Altars:

Shops:
D:4 }


Innate Abilities, Weirdness & Mutations

You are resistant to torment.
Your stone body is resilient. (AC +4)
You are immune to poison.
You resist negative energy. (rN+)
You are resistant to electric shocks. (rElec)
You can survive without breathing.
You are immune to petrification.
You are immune to miasma.


Message History

There is a sand-covered staircase here.
You start resting.
You hear the slow hiss of an avalanche of sand.
The world spins around you as you enter the gateway.
You enter an ossuary!
Found a gate leading back out of this place.
There is an empty arch of ancient stone here.
You start resting.
A mummy opens the door.
You completely miss the mummy. The mummy hits you!
You hit the mummy.
The mummy is moderately damaged.
The mummy hits you!
* * * LOW HITPOINT WARNING * * *
You hit the mummy.
The mummy is severely damaged.
You closely miss the mummy.
The mummy is severely damaged.
The mummy hits you!
You die...

##### ##
#∩..#.'.#
#.@M'.#
#...#.+
#####


You could see a mummy.

Vanquished Creatures
  Crazy Yiuf (D:3)
  An orc wizard (D:4)
  A worker ant (D:4)
  4 gnolls
  4 adders
  3 oozes
  3 worms
  A dart slug (D:2)
  6 orcs
  7 bats
  5 giant cockroaches (D:2)
  15 goblins
  7 hobgoblins
  2 jackals (D:1)
  9 kobolds
  4 quokkas
  2 ball pythons
  4 frilled lizards
  A quokka skeleton (D:3)
  11 rats
91 creatures vanquished.

Vanquished Creatures (others)
  2 withered plants (Ossuary)
2 creatures vanquished.

Grand Total: 93 creatures vanquished

Notes
Turn   | Place    | Note
-------+----------+-------------------------------------------
     0 | D:1      | Almogavar the Gargoyle Fighter began the quest for the Orb.
     0 | D:1      | Reached XP level 1. HP: 14/14 MP: 1/1
   257 | D:1      | Reached XP level 2. HP: 14/19 MP: 2/2
   838 | D:1      | Reached XP level 3. HP: 22/23 MP: 3/3
  1179 | D:1      | Reached XP level 4. HP: 7/28 MP: 4/4
  1420 | D:2      | Reached skill level 1 in Dodging
  1664 | D:2      | Reached XP level 5. HP: 33/33 MP: 5/5
  2964 | D:3      | Found a runed translucent door.
  2965 | D:3      | Noticed Crazy Yiuf
  3369 | D:3      | Killed Crazy Yiuf
  3582 | D:4      | Found Hiateif's Gadget Emporium.
  3589 | D:4      | Reached XP level 6. HP: 27/38 MP: 6/6
  3644 | D:4      | Found a sand-covered staircase.
  3667 | Ossuary  | Entered an ossuary
  3702 | Ossuary  | Slain by a mummy

Illustrated notes

Levels and vault maps discovered:
D:1:      giann_wishing_wells, layout_loops_corners, minmay_tetromino_t2
D:2:      layout_basic, grunt_ministairs_1, serial_bayou_pond_b
D:3:      layout_loops_corners, uniq_crazy_yiuf_cottage
D:4:      layout_rooms, temple_fountains, enter_ossuary_2, serial_shops, shop,
          chequers_serial_rivers_small_b, minivault_25, amethyst_killhole,
          grunt_decor_junction, uniq_robin, uniq_ijyb
Ossuary:  ossuary_zaba_flooded

Skill      XL: |  1  2  3  4  5  6 |
---------------+-------------------+-----
Shields        | 4 |  4.8
Dodging        | 1 |  1.3
Maces & Flails | 3 4 |  4.0
Armour         | 4 |  4.1
Fighting       | 4 |  4.0
Stealth        | |  0.1

Action                   |  1- 3 |  4- 6 || total
-------------------------+-------+-------++-------
Melee: Flail             |   142 |   137 ||   279
       Mace              |       |   146 ||   146
  Use: Scroll            |     3 |     4 ||     7
Armor: Scale mail        |    88 |   141 ||   229
Dodge: Dodged            |    49 |    99 ||   148
Block: Kite shield       |    69 |   151 ||   220
